BSA
HOUSTON MARSHALS @ POCATELLO BELLAS
07/23/2030
 
TOP OF THE 1ST
Houston Marshals batting - Pitching for Pocatello Bellas : RHP Kevin Bush
Pitching: RHP Kevin Bush
Batting: RHB Javier Rentería 0-0: SINGLE (Line Drive, 89S)
Batting: SHB Ramón Lugo 0-0: Ball
1-0: Swinging Strike
1-1: Ball
2-1: Grounds into double play, 4-6-3 (Groundball, 4)
Batting: LHB José Rodríguez 0-0: Called Strike
0-1: Ball
1-1: Called Strike
1-2: Strikes out swinging
Top of the 1st over - 0 runs, 1 hit, 0 errors, 0 left on base; Houston 0 - Pocatello 0
BOTTOM OF THE 1ST
Pocatello Bellas batting - Pitching for Houston Marshals : RHP Fernando Guzmán
Pitching: RHP Fernando Guzmán
Batting: RHB Buck Jones 0-0: SINGLE (Groundball, 6) (infield hit)
Batting: LHB Keith Beard 0-0: Called Strike
0-1: Ball
1-1: Ball
2-1: Fly out, F5 (Popup, 5S)
Batting: SHB Shane Hutchinson 0-0: Called Strike
0-1: Called Strike
0-2: Ball
1-2: Ball
2-2: Grounds into double play, 4-6-3 (Groundball, 4)
Bottom of the 1st over - 0 runs, 1 hit, 0 errors, 0 left on base; Houston 0 - Pocatello 0
TOP OF THE 2ND
Houston Marshals batting - Pitching for Pocatello Bellas : RHP Kevin Bush
Batting: LHB Guy Moss 0-0: Foul Ball, location: 2F
0-1: Called Strike
0-2: Foul Ball, location: 2F
0-2: Foul Ball, location: 2F
0-2: Strikes out looking
Batting: LHB Michael Cook 0-0: Foul Ball, location: 2F
0-1: Foul Ball, location: 2F
0-2: SINGLE (Flyball, 89S)
Batting: RHB Esteban Lara 0-0: Called Strike
Michael Cook steals 2nd base
0-1: Ball
Wild Pitch!
Michael Cook to third
1-1: Called Strike
1-2: Ball
2-2: Ground out 6-3 (Groundball, 6MD)
Michael Cook scores
Batting: RHB Adrian Prouse 0-0: Ball
1-0: Called Strike
1-1: Swinging Strike
1-2: Strikes out swinging
Top of the 2nd over - 1 run, 1 hit, 0 errors, 0 left on base; Houston 1 - Pocatello 0
BOTTOM OF THE 2ND
Pocatello Bellas batting - Pitching for Houston Marshals : RHP Fernando Guzmán
Batting: LHB Roberto García 0-0: Ball
1-0: Fly out, F3 (Popup, 3S)
Batting: RHB Lonnie Anderson 0-0: Called Strike
0-1: Ground out 4-3 (Groundball, 4)
Batting: SHB Juan Castro 0-0: Foul Ball, location: 2F
0-1: Ball
1-1: Ground out 4-3 (Groundball, 4M)
Bottom of the 2nd over - 0 runs, 0 hits, 0 errors, 0 left on base; Houston 1 - Pocatello 0
TOP OF THE 3RD
Houston Marshals batting - Pitching for Pocatello Bellas : RHP Kevin Bush
Batting: LHB Bill Murphy 0-0: Ball
1-0: Foul Ball, location: 2F
1-1: Ground out 6-3 (Groundball, 6M)
Batting: RHB Gustavo Díaz 0-0: Called Strike
0-1: Ball
1-1: DOUBLE (Flyball, 89XD)
Batting: RHB Javier Rentería 0-0: Ball
1-0: Ball
2-0: Called Strike
2-1: Swinging Strike
2-2: Strikes out swinging
Batting: SHB Ramón Lugo 0-0: Ball
1-0: Foul Ball, location: 2F
1-1: Foul Ball, location: 2F
1-2: Foul Ball, location: 2F
1-2: Ball
2-2: Strikes out swinging
Top of the 3rd over - 0 runs, 1 hit, 0 errors, 1 left on base; Houston 1 - Pocatello 0
BOTTOM OF THE 3RD
Pocatello Bellas batting - Pitching for Houston Marshals : RHP Fernando Guzmán
Batting: RHB Francisco Ibarra 0-0: Ball
1-0: Ball
2-0: Ball
3-0: Called Strike
3-1: Foul Ball, location: 2F
3-2: Strikes out swinging
Batting: RHB Javier Deleón 0-0: Called Strike
0-1: Ball
1-1: Foul Ball, location: 2F
1-2: Foul Ball, location: 2F
1-2: Ball
2-2: Ball
3-2: Base on Balls
Batting: RHB Tom Doherty 0-0: Ball
1-0: SINGLE (Groundball, 4MD)
Javier Deleón to second
Runner from 2nd tries for 3rd, SAFE, no throw
Batting: RHB Buck Jones 0-0: Called Strike
0-1: Foul Ball, location: 2F
0-2: SINGLE (Line Drive, 4D)
Javier Deleón scores
Tom Doherty to second
Batting: LHB Keith Beard 0-0: Foul Ball, location: 2F
0-1: SINGLE (Line Drive, 34D)
Tom Doherty to third
Buck Jones to second
Runner from 3rd tries for Home, SAFE, no throw
Batting: SHB Shane Hutchinson 0-0: Ball
1-0: Ball
2-0: Ball
3-0: Called Strike
3-1: Called Strike
3-2: Fly out, F8 (Flyball, 8LM)
Batting: LHB Roberto García 0-0: Ball
1-0: Called Strike
1-1: Foul Ball, location: 2F
1-2: Ball
2-2: Ball
3-2: Base on Balls
Buck Jones to third
Keith Beard to second
Batting: RHB Lonnie Anderson 0-0: Ball
1-0: Foul Ball, location: 2F
1-1: Ground out 4-3 (Groundball, 4)
Bottom of the 3rd over - 2 runs, 3 hits, 0 errors, 3 left on base; Houston 1 - Pocatello 2
TOP OF THE 4TH
Houston Marshals batting - Pitching for Pocatello Bellas : RHP Kevin Bush
Batting: LHB José Rodríguez 0-0: Called Strike
0-1: Ball
1-1: DOUBLE (Flyball, 8RXD)
Batting: LHB Guy Moss 0-0: Called Strike
0-1: Called Strike
0-2: Ball
1-2: Strikes out swinging
Batting: LHB Michael Cook 0-0: Ground out 4-3 (Groundball, 4)
José Rodríguez to third
Batting: RHB Esteban Lara 0-0: Ball
1-0: Ball
2-0: Called Strike
2-1: Foul Ball, location: 2F
2-2: Strikes out swinging
Top of the 4th over - 0 runs, 1 hit, 0 errors, 1 left on base; Houston 1 - Pocatello 2
BOTTOM OF THE 4TH
Pocatello Bellas batting - Pitching for Houston Marshals : RHP Fernando Guzmán
Batting: SHB Juan Castro 0-0: Ball
1-0: Foul Ball, location: 2F
1-1: Called Strike
1-2: Ball
2-2: Foul Ball, location: 2F
2-2: SOLO HOME RUN (Flyball, 9LD), Distance : 335 ft
Batting: RHB Francisco Ibarra 0-0: Foul Ball, location: 2F
0-1: Fly out, F9 (Line Drive, 9LD)
Batting: RHB Javier Deleón 0-0: Called Strike
0-1: Ball
1-1: Foul Ball, location: 2F
1-2: Strikes out swinging
Batting: RHB Tom Doherty 0-0: Ball
1-0: Called Strike
1-1: Reached on error, E1 (Groundball, P)
Batting: RHB Buck Jones 0-0: Ball
1-0: Ball
2-0: Foul Ball, location: 2F
2-1: Ball
3-1: Called Strike
3-2: Foul Ball, location: 2F
3-2: SINGLE (Line Drive, 56D)
Tom Doherty to third
Tom Doherty scores
Pitching: LHP Stan Aldridge
Batting: LHB Keith Beard 0-0: Foul Ball, location: 2F
0-1: Swinging Strike
0-2: SINGLE (Line Drive, 8RS)
Buck Jones to second
Runner from 2nd tries for 3rd, SAFE, no throw
Batting: SHB Shane Hutchinson 0-0: Called Strike
0-1: Foul Ball, location: 2F
0-2: Ball
1-2: Foul Ball, location: 2F
1-2: DOUBLE (Flyball, 89D)
Buck Jones scores
Keith Beard to third
Batting: LHB Roberto García 0-0: Foul Ball, location: 2F
0-1: Ball
1-1: Ball
2-1: SINGLE (Line Drive, 4M)
Keith Beard scores
Shane Hutchinson to third
Runner from 3rd tries for Home, SAFE, no throw
Batting: RHB Lonnie Anderson 0-0: Ball
1-0: Called Strike
1-1: Ball
2-1: Ball
3-1: 2-RUN HOME RUN (Flyball, 78XD), Distance : 390 ft
Batting: SHB Juan Castro 0-0: Called Strike
0-1: Called Strike
0-2: Foul Ball, location: 2F
0-2: Ball
1-2: SINGLE (Groundball, 6MD)
Batting: RHB Francisco Ibarra 0-0: Ball
1-0: Swinging Strike
1-1: Foul Ball, location: 2F
1-2: Fly out, F7 (Flyball, 7S)
Bottom of the 4th over - 7 runs, 7 hits, 1 error, 1 left on base; Houston 1 - Pocatello 9
TOP OF THE 5TH
Houston Marshals batting - Pitching for Pocatello Bellas : RHP Kevin Bush
Batting: RHB Adrian Prouse 0-0: Ball
1-0: Called Strike
1-1: Ball
2-1: Foul Ball, location: 2F
2-2: Fly out, F8 (Flyball, 8RS)
Batting: LHB Bill Murphy 0-0: Ball
1-0: Fly out, F4 (Popup, 4M)
Batting: RHB Gustavo Díaz 0-0: Ball
1-0: Called Strike
1-1: Ball
2-1: Swinging Strike
2-2: Ball
3-2: SINGLE (Groundball, 4D)
Batting: RHB Javier Rentería 0-0: SINGLE (Groundball, 4MD)
Gustavo Díaz to second
Batting: SHB Ramón Lugo 0-0: Ball
1-0: Called Strike
1-1: Ball
2-1: Foul Ball, location: 2F
2-2: Ball
3-2: Fly out, F8 (Flyball, 8LD)
Top of the 5th over - 0 runs, 2 hits, 0 errors, 2 left on base; Houston 1 - Pocatello 9
BOTTOM OF THE 5TH
Pocatello Bellas batting - Pitching for Houston Marshals : LHP Stan Aldridge
Batting: RHB Javier Deleón 0-0: Foul Ball, location: 2F
0-1: Foul Ball, location: 2F
0-2: Ground out 5-3 (Groundball, 5)
Batting: RHB Tom Doherty 0-0: Foul Ball, location: 2F
0-1: DOUBLE (Line Drive, 8LXD)
Batting: RHB Buck Jones 0-0: Ball
1-0: Ball
2-0: Ball
3-0: Called Strike
3-1: Base on Balls
Batting: LHB Keith Beard 0-0: Fly out, F9 (Flyball, 9D)
Batting: SHB Shane Hutchinson 0-0: Called Strike
0-1: Fielders Choice at 2nd, 6-4 (Groundball, 6)
Bottom of the 5th over - 0 runs, 1 hit, 0 errors, 2 left on base; Houston 1 - Pocatello 9
TOP OF THE 6TH
Houston Marshals batting - Pitching for Pocatello Bellas : RHP Kevin Bush
Batting: LHB José Rodríguez 0-0: Ball
1-0: Called Strike
1-1: Ball
2-1: Called Strike
2-2: Strikes out swinging
Batting: LHB Guy Moss 0-0: Called Strike
0-1: Foul Ball, location: 2F
0-2: Ball
1-2: Strikes out swinging
Batting: LHB Michael Cook 0-0: Foul Ball, location: 2F
0-1: Ball
1-1: Called Strike
1-2: Fly out, F3 (Popup, 3F)
Top of the 6th over - 0 runs, 0 hits, 0 errors, 0 left on base; Houston 1 - Pocatello 9
BOTTOM OF THE 6TH
Pocatello Bellas batting - Pitching for Houston Marshals : LHP Stan Aldridge
Batting: LHB Roberto García 0-0: Ball
1-0: Foul Ball, location: 2F
1-1: Foul Ball, location: 2F
1-2: SINGLE (Groundball, 56D)
Batting: RHB Lonnie Anderson 0-0: Ball
1-0: Swinging Strike
1-1: Foul Ball, location: 2F
1-2: Foul Ball, location: 2F
1-2: Foul Ball, location: 2F
1-2: Ball
2-2: Strikes out swinging
Batting: SHB Juan Castro 0-0: Swinging Strike
0-1: Called Strike
0-2: Strikes out swinging
Batting: RHB Francisco Ibarra 0-0: Foul Ball, location: 2F
0-1: Swinging Strike
0-2: Ground out 4-3 (Groundball, 4MS)
Bottom of the 6th over - 0 runs, 1 hit, 0 errors, 1 left on base; Houston 1 - Pocatello 9
TOP OF THE 7TH
Houston Marshals batting - Pitching for Pocatello Bellas : RHP Kevin Bush
Batting: RHB Esteban Lara 0-0: Swinging Strike
0-1: Ball
1-1: Ball
2-1: Foul Ball, location: 2F
2-2: Strikes out swinging
Batting: RHB Adrian Prouse 0-0: Swinging Strike
0-1: Swinging Strike
0-2: Ball
1-2: Foul Ball, location: 2F
1-2: Strikes out swinging
Batting: LHB Bill Murphy 0-0: Called Strike
0-1: Called Strike
0-2: Foul Ball, location: 2F
0-2: Ball
1-2: Strikes out swinging
Top of the 7th over - 0 runs, 0 hits, 0 errors, 0 left on base; Houston 1 - Pocatello 9
BOTTOM OF THE 7TH
Pocatello Bellas batting - Pitching for Houston Marshals : LHP Stan Aldridge
Batting: RHB Javier Deleón 0-0: Ball
1-0: Swinging Strike
1-1: Foul Ball, location: 2F
1-2: Ball
2-2: Strikes out looking
Batting: RHB Tom Doherty 0-0: Ball
1-0: Called Strike
1-1: Ball
2-1: Ground out 6-3 (Groundball, 6)
Batting: RHB Buck Jones 0-0: Foul Ball, location: 2F
0-1: Ball
1-1: SINGLE (Groundball, 4S) (infield hit)
Batting: LHB Keith Beard 0-0: Ball
1-0: Called Strike
1-1: Ball
2-1: Swinging Strike
2-2: DOUBLE (Line Drive, 9LM)
Buck Jones to third
Runner from 3rd tries for Home, SAFE, no throw
Batting: SHB Shane Hutchinson 0-0: Ball
1-0: Foul Ball, location: 2F
1-1: Called Strike
1-2: Ball
2-2: Foul Ball, location: 2F
2-2: Fly out, F4 (Popup, 4)
Bottom of the 7th over - 1 run, 2 hits, 0 errors, 1 left on base; Houston 1 - Pocatello 10
TOP OF THE 8TH
Houston Marshals batting - Pitching for Pocatello Bellas : RHP Kevin Bush
Batting: RHB Gustavo Díaz 0-0: Ground out 6-3 (Groundball, 6)
Batting: RHB Javier Rentería 0-0: Reached on error, E5 (Groundball, 56)
Batting: SHB Ramón Lugo 0-0: Ball
1-0: Foul Ball, location: 2F
1-1: Called Strike
1-2: Foul Ball, location: 2F
1-2: Strikes out swinging
Batting: LHB José Rodríguez 0-0: Swinging Strike
0-1: Ball
1-1: Foul Ball, location: 2F
1-2: Ball
2-2: Strikes out swinging
Top of the 8th over - 0 runs, 0 hits, 1 error, 1 left on base; Houston 1 - Pocatello 10
BOTTOM OF THE 8TH
Pocatello Bellas batting - Pitching for Houston Marshals : RHP Jim Durham
Pitching: RHP Jim Durham
Batting: LHB Roberto García 0-0: Ground out 6-3 (Groundball, 56D)
Batting: RHB Lonnie Anderson 0-0: Swinging Strike
0-1: Called Strike
0-2: Ball
1-2: SINGLE (Flyball, 8RS)
Batting: SHB Juan Castro 0-0: Ball
1-0: SINGLE (Line Drive, 34)
Lonnie Anderson to second
Pitching: RHP Álex Rodríguez
Batting: RHB Francisco Ibarra 0-0: SINGLE (Flyball, 9LS)
Lonnie Anderson to third
Juan Castro to second
Runner from 3rd tries for Home, SAFE, no throw
Batting: RHB Javier Deleón 0-0: Called Strike
0-1: Ball
1-1: Fielders Choice at 2nd, 6-4 (Groundball, 6)
Juan Castro to third
Batting: RHB Tom Doherty 0-0: Ball
1-0: SINGLE (Groundball, 6MD)
Juan Castro scores
Javier Deleón to second
Runner from 2nd tries for 3rd, SAFE, throw made to third
Batting: RHB Buck Jones 0-0: Called Strike
0-1: Ball
1-1: Ball
2-1: Ball
3-1: Base on Balls
Tom Doherty to second
Batting: LHB Keith Beard 0-0: Called Strike
0-1: Foul Ball, location: 2F
0-2: Ground out 4-3 (Groundball, 4)
Bottom of the 8th over - 2 runs, 4 hits, 0 errors, 3 left on base; Houston 1 - Pocatello 12
TOP OF THE 9TH
Houston Marshals batting - Pitching for Pocatello Bellas : RHP Kevin Bush
Batting: LHB Guy Moss 0-0: Foul Ball, location: 2F
0-1: SINGLE (Groundball, 6MD)
Batting: LHB Michael Cook 0-0: Swinging Strike
0-1: Swinging Strike
0-2: Ball
1-2: Foul Ball, location: 2F
1-2: Strikes out swinging
Pitching: RHP Jing-xiang Fa
Batting: RHB Esteban Lara 0-0: Ball
1-0: Ball
2-0: Called Strike
2-1: Swinging Strike
2-2: Foul Ball, location: 2F
2-2: Ball
3-2: Foul Ball, location: 2F
3-2: Foul Ball, location: 2F
3-2: Base on Balls
Guy Moss to second
Batting: RHB Adrian Prouse 0-0: Grounds into double play, 4-6-3 (Groundball, 4)
Top of the 9th over - 0 runs, 1 hit, 0 errors, 1 left on base; Houston 1 - Pocatello 12
Saturday, April 7th, 2018 - OOTP Baseball 18.8 Build 76